[ PARTIDA AOE2 · #504648828 ]
UnrankedBritanos vs Burmese
Equipo del jugador · DERR
Equipo rival · VICT
[ ANÁLISIS DE REPETICIÓN · EXTRAÍDO DE LA PARTIDA GRABADA ]
Feudal
10:31
Castillos
19:33
Imperial
35:01
| APM promedio | 73.6 |
| APM pico | 119 |
| eAPM promedio | 31.5 |
| Aldeanos / militares | 163 / 59 |
Foco
⚔️ 34.1% · 🌾 65.9%
Archer ×25 · Knight ×11 · Spearman ×11 · Monk ×6 · Longbowman ×3 · Militia ×2
Feudal
11:05
Castillos
19:50
Imperial
36:13
| APM promedio | 50.1 |
| APM pico | 80 |
| eAPM promedio | 17.5 |
| Aldeanos / militares | 91 / 55 |
Foco
⚔️ 40.6% · 🌾 59.4%
Knight ×34 · Mangonel ×6 · Battle Elephant ×5 · Monk ×4 · Militia ×2 · Scout Cavalry ×2
Mapa de la partida
Recursos iniciales + cada clic de construcción. Líneas = muros · curvas = relieve. ◆ oro · ⬟ piedra · ● bayas · ✦ reliquia · ◌ hueco del cierre
Tu base· Abierta — hueco de 4t
Base de Ghosty· ✓ Cerrada en 19:50 · 43t muro · 1 puerta(s)
Terreno inicial suavizado · ◌ = hueco del cierre detectado · pasá el cursor para detalles
Inputs por minuto
— NOC | komtan - - Ghosty
Build order — NOC | komtan
Primeras 150 de 399 acciones detectadas
| 0:00 | Encolar | Villager (Male) |
| 0:00 | Encolar | Villager (Male) |
| 0:00 | Encolar | Villager (Male) |
| 0:01 | Construir | House |
| 0:02 | Encolar | Villager (Male) |
| 0:02 | Encolar | Villager (Male) |
| 0:03 | Construir | House |
| 1:16 | Encolar | Villager (Male) |
| 1:16 | Encolar | Villager (Male) |
| 1:45 | Encolar | Villager (Male) |
| 1:45 | Encolar | Villager (Male) |
| 1:52 | Construir | Lumber Camp |
| 2:04 | Encolar | Villager (Male) |
| 2:04 | Encolar | Villager (Male) |
| 2:29 | Encolar | Villager (Male) |
| 2:51 | Encolar | Villager (Male) |
| 2:51 | Encolar | Villager (Male) |
| 3:05 | Construir | House |
| 3:19 | Encolar | Villager (Male) |
| 3:19 | Encolar | Villager (Male) |
| 3:25 | Construir | House |
| 3:35 | Encolar | Villager (Male) |
| 4:06 | Encolar | Villager (Male) |
| 4:17 | Construir | Barracks |
| 4:26 | Encolar | Villager (Male) |
| 4:26 | Encolar | Villager (Male) |
| 4:54 | Encolar | Villager (Male) |
| 4:58 | Construir | House |
| 5:08 | Encolar | Villager (Male) |
| 5:15 | Encolar | Militia |
| 5:35 | Encolar | Militia |
| 5:50 | Construir | House |
| 5:53 | Encolar | Villager (Male) |
| 6:08 | Encolar | Villager (Male) |
| 6:13 | Construir | Palisade Wall |
| 6:17 | Encolar | Villager (Male) |
| 6:43 | Construir | Mill |
| 6:48 | Encolar | Villager (Male) |
| 7:09 | Encolar | Villager (Male) |
| 7:20 | Construir | Mill |
| 7:55 | Investigar | Loom |
| 8:21 | Investigar | Feudal Age |
| 8:42 | Construir | Palisade Wall |
| 8:44 | Construir | Mining Camp |
| 9:24 | Construir | Palisade Wall |
| 9:25 | Construir | Palisade Wall |
| 9:26 | Construir | Palisade Wall |
| 9:26 | Construir | Palisade Wall |
| 9:27 | Construir | Palisade Wall |
| 9:39 | Construir | Palisade Wall |
| 9:40 | Construir | Palisade Wall |
| 9:43 | Construir | Palisade Wall |
| 9:44 | Construir | Palisade Wall |
| 9:53 | Construir | Palisade Wall |
| 9:54 | Construir | Palisade Wall |
| 9:56 | Encolar | Villager (Male) |
| 10:02 | Construir | Palisade Wall |
| 10:25 | Encolar | Villager (Male) |
| 10:31 | Edad | Edad Feudal |
| 10:42 | Construir | Archery Range |
| 10:50 | Construir | Palisade Wall |
| 10:59 | Encolar | Villager (Male) |
| 11:10 | Construir | Palisade Wall |
| 11:14 | Construir | Palisade Wall |
| 11:19 | Construir | Farm |
| 11:23 | Encolar | Villager (Male) |
| 11:27 | Investigar | Double-Bit Axe |
| 11:35 | Construir | Farm |
| 11:38 | Construir | Farm |
| 11:38 | Encolar | Villager (Male) |
| 11:39 | Encolar | Archer |
| 11:51 | Encolar | Archer |
| 11:52 | Encolar | Villager (Male) |
| 11:59 | Construir | House |
| 12:07 | Encolar | Archer |
| 12:10 | Encolar | Villager (Male) |
| 12:19 | Construir | Farm |
| 12:20 | Encolar | Archer |
| 12:39 | Construir | House |
| 12:50 | Encolar | Villager (Male) |
| 13:01 | Construir | Blacksmith |
| 13:02 | Encolar | Villager (Male) |
| 13:07 | Encolar | Archer |
| 13:10 | Encolar | Villager (Male) |
| 13:18 | Encolar | Archer |
| 13:19 | Encolar | Spearman |
| 13:30 | Construir | House |
| 13:34 | Construir | Palisade Wall |
| 13:35 | Construir | Palisade Wall |
| 13:37 | Construir | Palisade Wall |
| 13:38 | Construir | Palisade Wall |
| 13:39 | Construir | Palisade Wall |
| 13:41 | Encolar | Archer |
| 13:46 | Encolar | Villager (Male) |
| 13:49 | Construir | Farm |
| 13:50 | Construir | Farm |
| 13:53 | Encolar | Archer |
| 13:54 | Encolar | Villager (Male) |
| 14:13 | Construir | Farm |
| 14:28 | Construir | Palisade Wall |
| 14:29 | Encolar | Villager (Male) |
| 14:36 | Construir | House |
| 14:38 | Construir | House |
| 14:42 | Encolar | Villager (Male) |
| 14:47 | Construir | Palisade Wall |
| 14:53 | Encolar | Villager (Male) |
| 14:57 | Encolar | Archer |
| 15:02 | Construir | Farm |
| 15:07 | Construir | Palisade Wall |
| 15:12 | Construir | Farm |
| 15:14 | Construir | Farm |
| 15:19 | Encolar | Archer |
| 15:21 | Encolar | Villager (Male) |
| 15:22 | Encolar | Villager (Male) |
| 15:40 | Construir | Farm |
| 15:47 | Construir | Farm |
| 15:51 | Encolar | Villager (Male) |
| 15:53 | Construir | Palisade Wall |
| 16:10 | Construir | Palisade Wall |
| 16:12 | Construir | Palisade Wall |
| 16:13 | Construir | Palisade Wall |
| 16:21 | Encolar | Villager (Male) |
| 16:22 | Encolar | Archer |
| 16:53 | Investigar | Castle Age |
| 17:09 | Construir | Palisade Wall |
| 17:10 | Construir | Palisade Wall |
| 17:18 | Construir | Palisade Wall |
| 17:21 | Encolar | Archer |
| 17:23 | Investigar | Gold Mining |
| 17:38 | Encolar | Archer |
| 17:43 | Construir | Lumber Camp |
| 17:46 | Investigar | Horse Collar |
| 17:46 | Investigar | Horse Collar |
| 17:47 | Investigar | Horse Collar |
| 17:55 | Encolar | Archer |
| 18:20 | Encolar | Archer |
| 18:50 | Encolar | Villager (Male) |
| 19:20 | Investigar | Fletching |
| 19:29 | Construir | House |
| 19:33 | Edad | Edad de los Castillos |
| 19:36 | Investigar | Crossbowman (upgrade) |
| 19:37 | Encolar | Villager (Male) |
| 19:39 | Construir | Town Center |
| 19:58 | Investigar | Bodkin Arrow |
| 19:58 | Investigar | Bodkin Arrow |
| 19:58 | Encolar | Villager (Male) |
| 19:59 | Encolar | Archer |
| 20:06 | Construir | Town Center |
| 20:20 | Encolar | Villager (Male) |
| 20:22 | Encolar | Archer |
Build order — Ghosty
Primeras 150 de 266 acciones detectadas
| 0:01 | Encolar | Villager (Male) ×4 |
| 0:02 | Construir | House |
| 0:03 | Construir | House |
| 1:19 | Encolar | Villager (Male) |
| 1:46 | Construir | Lumber Camp |
| 1:55 | Encolar | Villager (Male) |
| 2:19 | Encolar | Villager (Male) |
| 2:19 | Encolar | Villager (Male) |
| 2:42 | Encolar | Villager (Male) |
| 3:10 | Encolar | Villager (Male) |
| 3:30 | Encolar | Villager (Male) |
| 3:50 | Construir | House |
| 4:00 | Encolar | Villager (Male) |
| 4:18 | Encolar | Villager (Male) |
| 4:39 | Encolar | Villager (Male) |
| 4:56 | Construir | Barracks |
| 5:05 | Encolar | Villager (Male) |
| 5:08 | Construir | Palisade Wall |
| 5:09 | Construir | Palisade Wall |
| 5:33 | Construir | House |
| 5:56 | Encolar | Villager (Male) |
| 5:56 | Encolar | Villager (Male) |
| 5:59 | Construir | Palisade Wall |
| 6:23 | Encolar | Villager (Male) |
| 6:26 | Encolar | Militia |
| 6:26 | Encolar | Militia |
| 6:34 | Investigar | Loom |
| 6:42 | Construir | Mill |
| 6:48 | Encolar | Villager (Male) |
| 7:25 | Encolar | Villager (Male) |
| 7:25 | Encolar | Villager (Male) |
| 7:56 | Construir | House |
| 8:08 | Encolar | Villager (Male) |
| 8:27 | Construir | Mill |
| 8:49 | Construir | Mining Camp |
| 8:55 | Investigar | Feudal Age |
| 9:38 | Construir | House |
| 9:45 | Construir | House |
| 10:11 | Encolar | Villager (Male) |
| 10:50 | Construir | Palisade Wall |
| 10:52 | Construir | Palisade Wall |
| 11:05 | Edad | Edad Feudal |
| 11:08 | Construir | Farm |
| 11:13 | Construir | Farm |
| 11:14 | Investigar | Horse Collar |
| 11:27 | Encolar | Villager (Male) |
| 11:29 | Construir | Farm |
| 11:31 | Construir | Farm |
| 11:36 | Construir | House |
| 11:52 | Construir | Stable |
| 11:58 | Encolar | Villager (Male) |
| 11:59 | Encolar | Villager (Male) |
| 12:03 | Encolar | Villager (Male) |
| 12:18 | Construir | Farm |
| 12:24 | Construir | Palisade Wall |
| 12:32 | Construir | Palisade Wall |
| 12:35 | Encolar | Scout Cavalry |
| 12:35 | Encolar | Scout Cavalry |
| 12:38 | Construir | Palisade Wall |
| 12:41 | Construir | House |
| 12:45 | Encolar | Villager (Male) |
| 12:58 | Construir | Farm |
| 13:00 | Construir | Farm |
| 13:08 | Construir | Farm |
| 13:15 | Construir | Palisade Wall |
| 13:16 | Encolar | Villager (Male) |
| 13:32 | Construir | Farm |
| 13:52 | Encolar | Villager (Male) |
| 14:05 | Construir | Farm |
| 14:21 | Encolar | Villager (Male) |
| 14:21 | Encolar | Villager (Male) |
| 14:22 | Encolar | Villager (Male) |
| 14:22 | Encolar | Villager (Male) |
| 14:24 | Construir | Farm |
| 15:06 | Construir | Palisade Wall |
| 15:08 | Construir | Palisade Wall |
| 15:09 | Construir | House |
| 15:19 | Construir | Farm |
| 15:23 | Construir | Farm |
| 15:29 | Construir | Farm |
| 15:49 | Construir | House |
| 16:10 | Construir | Blacksmith |
| 16:12 | Encolar | Villager (Male) |
| 16:20 | Construir | Farm |
| 17:01 | Construir | House |
| 17:10 | Investigar | Castle Age |
| 17:11 | Investigar | Castle Age |
| 17:11 | Investigar | Castle Age |
| 17:21 | Investigar | Bloodlines |
| 17:46 | Construir | Stable |
| 17:50 | Investigar | Scale Barding Armor |
| 18:05 | Construir | Lumber Camp |
| 18:14 | Investigar | Gold Mining |
| 18:41 | Investigar | Forging |
| 18:51 | Construir | Farm |
| 19:00 | Construir | Palisade Gate |
| 19:22 | Construir | Palisade Wall |
| 19:23 | Construir | House |
| 19:29 | Construir | Palisade Wall |
| 19:43 | Encolar | Villager (Male) |
| 19:50 | Edad | Edad de los Castillos |
| 19:51 | Encolar | Knight |
| 19:51 | Encolar | Knight |
| 19:52 | Encolar | Knight |
| 19:54 | Encolar | Knight |
| 20:01 | Encolar | Battle Elephant |
| 20:01 | Encolar | Battle Elephant |
| 20:09 | Construir | House |
| 20:11 | Construir | House |
| 20:13 | Construir | House |
| 20:17 | Construir | House |
| 20:32 | Encolar | Villager (Male) |
| 20:35 | Encolar | Battle Elephant |
| 21:00 | Encolar | Battle Elephant |
| 21:17 | Encolar | Villager (Male) |
| 21:18 | Encolar | Villager (Male) |
| 21:28 | Construir | House |
| 21:35 | Investigar | Husbandry |
| 21:48 | Construir | Town Center |
| 21:51 | Encolar | Villager (Male) |
| 21:59 | Construir | Town Center |
| 22:13 | Encolar | Battle Elephant |
| 22:30 | Encolar | Villager (Male) |
| 22:46 | Construir | Mill |
| 22:47 | Construir | Farm |
| 22:47 | Construir | Farm |
| 22:47 | Construir | Farm |
| 22:47 | Construir | Farm |
| 22:48 | Construir | Farm |
| 22:48 | Construir | Farm |
| 22:52 | Encolar | Villager (Male) |
| 23:11 | Encolar | Villager (Male) |
| 23:25 | Encolar | Villager (Male) |
| 23:45 | Encolar | Villager (Male) |
| 23:49 | Encolar | Villager (Male) |
| 23:49 | Encolar | Villager (Male) |
| 23:53 | Construir | Farm |
| 23:55 | Construir | Farm |
| 23:56 | Construir | Farm |
| 23:57 | Construir | Farm |
| 23:59 | Encolar | Villager (Male) |
| 24:11 | Construir | Monastery |
| 24:14 | Encolar | Villager (Male) |
| 24:19 | Construir | Siege Workshop |
| 24:23 | Encolar | Villager (Male) |
| 24:27 | Encolar | Villager (Male) |
| 24:41 | Investigar | Devotion |
| 24:49 | Construir | House |
| 24:50 | Construir | House |
| 25:02 | Encolar | Villager (Male) |
Cronología de la partida
| 4:17 | NOC | komtan · first_building Barracks |
| 4:56 | Ghosty · first_building Barracks |
| 5:08 | Ghosty · wall_segment Palisade Wall x1 |
| 5:09 | Ghosty · wall_segment Palisade Wall x1 |
| 5:59 | Ghosty · wall_segment Palisade Wall x1 |
| 6:13 | NOC | komtan · wall_segment Palisade Wall x1 |
| 8:42 | NOC | komtan · wall_segment Palisade Wall x4 |
| 9:24 | NOC | komtan · wall_segment Palisade Wall x1 |
| 9:25 | NOC | komtan · wall_segment Palisade Wall x1 |
| 9:26 | NOC | komtan · wall_segment Palisade Wall x1 |
| 9:26 | NOC | komtan · wall_segment Palisade Wall x1 |
| 9:27 | NOC | komtan · wall_segment Palisade Wall x1 |
| 9:39 | NOC | komtan · wall_segment Palisade Wall x1 |
| 9:40 | NOC | komtan · wall_segment Palisade Wall x1 |
| 9:43 | NOC | komtan · wall_segment Palisade Wall x1 |
| 9:44 | NOC | komtan · wall_segment Palisade Wall x1 |
| 9:53 | NOC | komtan · wall_segment Palisade Wall x9 |
| 9:54 | NOC | komtan · wall_segment Palisade Wall x1 |
| 10:02 | NOC | komtan · wall_segment Palisade Wall x1 |
| 10:31 | NOC | komtan · age_up feudal |
| 10:42 | NOC | komtan · first_building Archery Range |
| 10:50 | Ghosty · wall_segment Palisade Wall x1 |
| 10:50 | NOC | komtan · wall_segment Palisade Wall x1 |
| 10:52 | Ghosty · wall_segment Palisade Wall x8 |
| 11:05 | Ghosty · age_up feudal |
| 11:10 | NOC | komtan · wall_segment Palisade Wall x1 |
| 11:14 | NOC | komtan · wall_segment Palisade Wall x1 |
| 11:52 | Ghosty · first_building Stable |
| 12:24 | Ghosty · wall_segment Palisade Wall x4 |
| 12:32 | Ghosty · wall_segment Palisade Wall x18 |
| 12:38 | Ghosty · wall_segment Palisade Wall x1 |
| 13:15 | Ghosty · wall_segment Palisade Wall x5 |
| 13:34 | NOC | komtan · wall_segment Palisade Wall x1 |
| 13:35 | NOC | komtan · wall_segment Palisade Wall x1 |
| 13:37 | NOC | komtan · wall_segment Palisade Wall x1 |
| 13:38 | NOC | komtan · wall_segment Palisade Wall x1 |
| 13:39 | NOC | komtan · wall_segment Palisade Wall x1 |
| 14:28 | NOC | komtan · wall_segment Palisade Wall x1 |
| 14:47 | NOC | komtan · wall_segment Palisade Wall x1 |
| 15:06 | Ghosty · wall_segment Palisade Wall x1 |
| 15:07 | NOC | komtan · wall_segment Palisade Wall x1 |
| 15:08 | Ghosty · wall_segment Palisade Wall x1 |
| 15:53 | NOC | komtan · wall_segment Palisade Wall x1 |
| 16:10 | NOC | komtan · wall_segment Palisade Wall x1 |
| 16:12 | NOC | komtan · wall_segment Palisade Wall x1 |
| 16:13 | NOC | komtan · wall_segment Palisade Wall x1 |
| 17:09 | NOC | komtan · wall_segment Palisade Wall x1 |
| 17:10 | NOC | komtan · wall_segment Palisade Wall x1 |
| 17:18 | NOC | komtan · wall_segment Palisade Wall x1 |
| 19:22 | Ghosty · wall_segment Palisade Wall x1 |
| 19:29 | Ghosty · wall_segment Palisade Wall x1 |
| 19:33 | NOC | komtan · age_up castle |
| 19:50 | Ghosty · age_up castle |
| 21:53 | NOC | komtan · first_building Monastery |
| 24:11 | Ghosty · first_building Monastery |
| 24:19 | Ghosty · first_building Siege Workshop |
| 27:32 | NOC | komtan · first_building Siege Workshop |
| 27:44 | NOC | komtan · first_market_buy 100 stone |
| 27:52 | NOC | komtan · first_building Castle |
| 28:30 | NOC | komtan · first_building Stable |
| 32:16 | NOC | komtan · first_market_sell 100 wood |
| 33:35 | Ghosty · first_building Castle |
| 35:01 | NOC | komtan · age_up imperial |
| 36:13 | Ghosty · age_up imperial |
| 37:13 | NOC | komtan · resign |
[ ANÁLISIS IA · 1 CRÉDITO ]
¿Qué pasó realmente en esta partida?
Wolo.gg analiza cada decisión: build order, eco, micro, errores típicos por bracket. Análisis personalizado por WhatsApp o Discord en 30 segundos.
Guía civ
Britanos
Perfil
Jugador #223206